 Dungeon Crawl Stone Soup version 0.30.0-30-g96aa6591b8 (webtiles) character file.

Game seed: 17415730809783943684

23283 Aerthanath the Blocker (level 12, -4/107 HPs)
             Began as a Minotaur Berserker on July 1, 2023.
             Was an Elder of Trog.
             Slain by an enormous slime creature (46 damage)
             ... on level 1 of the Vaults.
             The game lasted 00:36:00 (16128 turns).

Aerthanath the Blocker (Minotaur Berserker)        Turns: 16128, Time: 00:36:01

Health: -4/107     AC: 18    Str: 30    XL:     12   Next: 70%
Magic:  3/3        EV: 13    Int:  1    God:    Trog [****..]
Gold:   1295       SH: 20    Dex: 12    Spells: 11/11 levels left

rFire   + . .        s - +6 falchion of Laiklifank {antimagic, rC+ SInv Stlth+}
rCold   + . .        y - +3 tower shield
rNeg    + . .        w - +1 plate armour
rPois   +            (helmet restricted)
rElec   .            i - scarf {repulsion}
rCorr   .            B - +0 pair of gloves
SInv    +            (no boots)
Will    +....        (no amulet) Stlth
                     h - +5 ring of evasion
HPRegen 0.37/turn    x - ring "Emyil" {rPois rN+ Will+ Dex+2}
MPRegen 0.08/turn

%: repel missiles
@: marked, on berserk cooldown, slowed, very slow
A: horns 2, retaliatory headbutt, dopey 1, fire resistance 1, strong 1
a: Renounce Religion, Berserk, Trog's Hand, Brothers in Arms


You were on level 1 of the Vaults.
You worshipped Trog.
Trog was greatly pleased with you.
You visited 3 branches of the dungeon, and saw 16 of its levels.

You collected 1295 gold pieces.

Inventory:

Hand Weapons
 s - the +6 falchion of Laiklifank (weapon) {antimagic, rC+ SInv Stlth+}
   (You took it off an orc on level 5 of the Dungeon)

   rC:        It protects you from cold.
   SInv:      It lets you see invisible.
   Stlth:     It makes you more stealthy.
Missiles
 k - 10 boomerangs (quivered)
 o - a boomerang of dispersal
 r - 18 poisoned darts
Armour
 i - a scarf of repulsion (worn)
 w - a +1 plate armour (worn)
 y - a +3 tower shield (worn)
 B - a +0 pair of gloves (worn)
Jewellery
 h - a +5 ring of evasion (left hand)
 x - the ring "Emyil" (right hand) {rPois rN+ Will+ Dex+2}
   (You found it on level 7 of the Dungeon)

   [ring of poison resistance]

   Dex:       It affects your dexterity (+2).
   rPois:     It protects you from poison.
   rN:        It protects you from negative energy.
   Will:      It increases your willpower.
Wands
 j - a wand of light (11)
 l - a wand of flame (25)
 p - a wand of iceblast (20)
 u - a wand of charming (5)
 v - a wand of mindburst (8)
 C - a wand of polymorph (5)
Scrolls
 b - 2 scrolls of brand weapon
 f - 6 scrolls of teleportation
 g - a scroll of summoning
 q - a scroll of fear
 z - 4 scrolls of identify
 A - a scroll of magic mapping
 D - a scroll of blinking
 E - a scroll of enchant weapon {unknown}
Potions
 a - a potion of magic
 c - 4 potions of heal wounds
 d - 2 potions of resistance
 e - 3 potions of ambrosia
 m - 4 potions of flight
 n - 3 potions of might
 t - 3 potions of curing
 F - a potion of haste


   Skills:
 + Level 10.4 Fighting
 + Level 13.0 Long Blades
 + Level 7.2 Polearms
 + Level 1.3 Throwing
 + Level 12.1 Armour
 + Level 5.1 Dodging
 + Level 2.0 Stealth
 + Level 13.4 Shields


You had 11 spell levels left.
You didn't know any spells.
Your spell library was empty.

Dungeon Overview and Level Annotations

Branches:
Dungeon (13/15)            Temple (0/1) D:6            Lair (0/5) D:8
    Orc (2/2) D:11         Vaults (1/5) D:13
    Elf: Orc:2

Altars:
Fedhas
Gozag
Makhleb
Nemelex Xobeh
Okawaru
Sif Muna
Wu Jian
Yredelemnul
The Shining One

Shops:
D:8 *


Innate Abilities, Weirdness & Mutations

You have a pair of horns on your head.
You reflexively headbutt those who attack you in melee.
You are dopey. (Int -2)
Your flesh is heat resistant. (rF+)
Your muscles are strong. (Str +4, Int/Dex -1)


Message History

You kill the ironbound frostheart!
Trog accepts your kill.
Trog appreciates your killing of a magic user.
You are no longer berserk.
You are exhausted.
You feel yourself slow down.
You block the large slime creature's attack.
The vault sentinel points at you and mumbles some strange words.
The mark upon you grows brighter.
Two slime creatures merge to form an enormous slime creature.
Things that are here:
a +0 ring mail; a human corpse You closely miss the vault sentinel.
You headbutt the vault sentinel, but do no damage.
A white ugly thing comes into view.
You block the vault sentinel's attack.
You slash the vault sentinel!
The vault sentinel's magic leaks into the air.
You headbutt the vault sentinel!
The vault sentinel is moderately wounded.
You block the vault sentinel's attack.
You block the enormous slime creature's attack.
A white ugly thing comes into view.
You hit the vault sentinel.
The vault sentinel's magic leaks into the air.
You headbutt the vault sentinel, but do no damage.
The vault sentinel is heavily wounded.
You block the vault sentinel's attack.
The enormous slime creature hits you but does no damage.
The vault sentinel casts a spell at you.
You barely resist. The enormous slime creature hits you!!!
Ouch! That really hurt!
A wizard comes into view. It is wielding a +0 dagger.
You slash the vault sentinel!
The vault sentinel's magic leaks into the air.
You headbutt the vault sentinel, but do no damage.
The vault sentinel is heavily wounded.
The vault sentinel barely misses you. You furiously retaliate!
You headbutt the vault sentinel! The enormous slime creature hits you!!!
You die...

.........
.........
......... ###
#######'# .p.. ###
#########..# ....#
+.. ........'...
#u...#.#
.#####.#...
#.u.#J# #.##+#
#..p@###
#####.#..#
#...#.#.#.#
#...#.#... . ..
#)#.###.###.#.#...
## #.....#..
#...#... #.#####.#
###.#..# #.#.# ..#
#.#''#
#.#.###.#####.#[..
#.))#.#.#.....#...
#.###.#.#####.#..#


You could see 2 ugly things, an enormous slime creature, a vault sentinel (magic
disrupted) and a wizard.

Vanquished Creatures
  An ettin (D:13)
  Erolcha (Orc:1)
  A boulder beetle (D:10)
  An ironbound frostheart (Vaults:1)
  4 two-headed ogres
  A lindwurm (D:13)
  A harpy (Vaults:1)
  A necromancer (Vaults:1)
  A deep elf pyromancer (D:12)
  2 ugly things
  2 orc sorcerers
  2 manticores (D:12)
  A human skeleton (Vaults:1)
  Maurice (Orc:2)
  A vault sentinel (Vaults:1)
  An unseen horror (D:10)
  2 rime drakes (D:11)
  A gargoyle (D:12)
  A yaktaur skeleton (Vaults:1)
  5 trolls
  A hornet (D:9)
  A slime creature (Vaults:1)
  An elf skeleton (Vaults:1)
  A shadow (D:10)
  A wyvern (D:10)
  A wraith (D:11)
  A vampire (D:11)
  A human (D:10)
  22 yaks
  A warg (Orc:2)
  5 acid dragons
  2 water moccasins
  11 orc warriors
  2 black bears (D:8)
  2 sky beasts (D:7)
  4 ice beasts
  5 ogres
  5 centaurs
  A kobold brigand (D:10)
  7 bullfrogs
  2 gnoll sergeants
  3 scorpions
  10 wights
  10 killer bees
  2 howler monkeys (D:9)
  An electric eel (D:8)
  4 hounds
  Ijyb (D:3)
  2 gnoll boudas
  10 orc priests
  A sleepcap (D:6)
  Jessica (D:3)
  5 iguanas
  13 orc wizards
  Robin (D:2)
  8 gnolls
  4 adders
  A shadow imp (D:7)
  A white imp (D:5)
  5 worms
  46 orcs
  5 bats
  10 endoplasms
  7 giant cockroaches
  25 goblins
  7 hobgoblins
  5 quokkas
  8 ball pythons
  A frilled lizard (D:1)
  A jackal skeleton (D:10)
  9 kobolds
  6 rats
321 creatures vanquished.

Vanquished Creatures (collateral kills)
  An orc wizard (Orc:2)
1 creature vanquished.

Vanquished Creatures (others)
  An orc (Orc:2)
1 creature vanquished.

Grand Total: 323 creatures vanquished

Notes
Turn   | Place    | Note
-------+----------+-------------------------------------------
     0 | D:1      | Aerthanath the Minotaur Berserker began the quest for the
                  | Orb.
     0 | D:1      | Reached XP level 1. HP: 19/19 MP: 0/0
   239 | D:1      | Reached XP level 2. HP: 27/27 MP: 1/1
  1033 | D:2      | Reached XP level 3. HP: 33/33 MP: 2/2
  1114 | D:2      | Reached ** piety under Trog
  1443 | D:2      | Noticed Robin
  1446 | D:2      | Reached XP level 4. HP: 41/41 MP: 3/3
  1457 | D:2      | Killed Robin
  1458 | D:2      | Reached skill level 5 in Polearms
  1760 | D:2      | Gained mutation: Your flesh is heat resistant. (rF+)
                  | [potion of mutation]
  1760 | D:2      | Gained mutation: You are dopey. (Int -2) [potion of
                  | mutation]
  1760 | D:2      | Lost intelligence.
  1760 | D:2      | Gained mutation: Your muscles are strong. (Str +4, Int/Dex
                  | -1) [potion of mutation]
  2218 | D:3      | Noticed Jessica
  2223 | D:3      | Killed Jessica
  2224 | D:3      | Reached XP level 5. HP: 47/47 MP: 4/4
  2303 | D:3      | Noticed Ijyb
  2321 | D:3      | Killed Ijyb
  2672 | D:3      | Found a shimmering blue altar of Sif Muna.
  2673 | D:3      | Found a blossoming altar of Fedhas.
  2762 | D:4      | Reached skill level 5 in Fighting
  2762 | D:4      | Reached XP level 6. HP: 25/56 MP: 5/5
  2766 | D:4      | Reached *** piety under Trog
  2954 | D:4      | Reached skill level 5 in Armour
  3555 | D:5      | Entered Level 5 of the Dungeon
  3665 | D:5      | Reached XP level 7. HP: 61/61 MP: 6/6
  3961 | D:5      | Identified the +6 falchion of Laiklifank {antimagic, rC+
                  | SInv Stlth+}
  4287 | D:6      | Reached skill level 1 in Long Blades
  4384 | D:6      | Reached XP level 8. HP: 57/70 MP: 2/7
  4574 | D:6      | Found a staircase to the Ecumenical Temple.
  5160 | D:6      | Reached skill level 5 in Long Blades
  6254 | D:7      | Reached skill level 1 in Shields
  6254 | D:7      | Reached XP level 9. HP: 78/78 MP: 2/8
  6330 | D:7      | Identified the ring "Emyil" {rPois rN+ Will+ Dex+2}
  6376 | D:7      | Found a glowing golden altar of the Shining One.
  6384 | D:7      | Reached skill level 1 in Throwing
  6384 | D:7      | Reached skill level 1 in Stealth
  6544 | D:7      | Found an iron altar of Okawaru.
  6633 | D:7      | Found a sparkling altar of Nemelex Xobeh.
  6994 | D:8      | Found Bovaarig's Fire Supplies.
  7095 | D:8      | Noticed a two-headed ogre
  7105 | D:8      | Reached **** piety under Trog
  7988 | D:8      | Found a staircase to the Lair.
  7993 | D:8      | Killed a two-headed ogre
  7994 | D:8      | Reached skill level 5 in Shields
  7994 | D:8      | Reached XP level 10. HP: 87/88 MP: 3/9
  9221 | D:9      | Noticed a green ugly thing
  9237 | D:9      | Killed a green ugly thing
  9387 | D:9      | Reached skill level 10 in Long Blades
  9512 | D:9      | Identified the amulet of the Commoners {RegenMP *Slow rElec
                  | rN+ Int+4}
 10267 | D:10     | Entered Level 10 of the Dungeon
 10359 | D:10     | Found a burning altar of Makhleb.
 10400 | D:10     | Reached XP level 11. HP: 84/95 MP: 3/10
 10739 | D:10     | Noticed a boulder beetle
 10799 | D:10     | Killed a boulder beetle
 10800 | D:10     | Reached skill level 10 in Armour
 10903 | D:10     | Found a runed translucent door.
 10971 | D:10     | Found a basalt altar of Yredelemnul.
 11106 | D:10     | Found an opulent altar of Gozag.
 11282 | D:10     | Found an ornate altar of the Wu Jian Council.
 11423 | D:11     | Noticed a two-headed ogre
 11443 | D:11     | Killed a two-headed ogre
 11446 | D:11     | Reached skill level 10 in Shields
 11449 | D:11     | Reached ***** piety under Trog
 11696 | D:11     | Received a gift from Trog
 12543 | D:11     | Found a staircase to the Orcish Mines.
 13056 | Orc:1    | Entered Level 1 of the Orcish Mines
 13093 | Orc:1    | Noticed an orc sorcerer
 13099 | Orc:1    | Killed an orc sorcerer
 13195 | Orc:2    | Entered Level 2 of the Orcish Mines
 13201 | Orc:2    | Found an iron altar of Okawaru.
 13206 | Orc:2    | Noticed Maurice
 13237 | Orc:2    | Killed Maurice
 13281 | Orc:2    | Noticed an orc sorcerer
 13296 | Orc:2    | Killed an orc sorcerer
 13424 | Orc:2    | Noticed an orc knight
 13424 | Orc:2    | Noticed an orc sorcerer
 13424 | Orc:2    | Noticed an orc sorcerer
 13424 | Orc:2    | Noticed an orc high priest
 13424 | Orc:2    | Noticed an orc warlord
 13425 | Orc:2    | Noticed an orc knight
 13427 | Orc:2    | Noticed an orc high priest
 13427 | Orc:2    | Noticed an orc knight
 13431 | Orc:2    | Noticed an orc high priest
 13433 | Orc:2    | Noticed a sun demon
 13440 | Orc:2    | Noticed a soul eater
 13668 | Orc:1    | Noticed Erolcha
 13674 | Orc:1    | Killed Erolcha
 13692 | Orc:1    | Reached XP level 12. HP: 105/105 MP: 3/11
 13810 | D:12     | Reached skill level 5 in Dodging
 13937 | D:12     | Noticed a two-headed ogre
 13944 | D:12     | Killed a two-headed ogre
 14153 | D:12     | Found an ornate altar of the Wu Jian Council.
 14396 | D:12     | Noticed a two-headed ogre
 14407 | D:12     | Killed a two-headed ogre
 15371 | D:13     | Noticed an ettin
 15379 | D:13     | Killed an ettin
 15380 | D:13     | Reached skill level 10 in Fighting
 15756 | D:13     | Found a gate to the Vaults.
 15836 | Vaults:1 | Entered Level 1 of the Vaults
 16106 | Vaults:1 | Noticed an ironbound frostheart
 16123 | Vaults:1 | Killed an ironbound frostheart
 16128 | Vaults:1 | Slain by an enormous slime creature

Illustrated notes

Levels and vault maps discovered:
D:1:      matt_arrival_spirals, layout_rooms, minmay_misc_feat_rugged,
          minmay_stone_trees_small, minmay_nonomino_d4
D:2:      layout_rooms, uniq_robin
D:3:      kennysheep_the_goblin_king, layout_loops_cross,
          gammafunk_temple_overflow_statue, uniq_jessica
D:4:      layout_loops_ring
D:5:      layout_basic
D:6:      layout_loops_corners, minmay_temple_entry_slanted
D:7:      layout_basic, mainiacjoe_overflow_cross_hatched,
          grunt_temple_overflow_open, kb_lookout_dungeons_type, minmay_bent
D:8:      cheibrodos_helix_gallery, layout_loops_ring,
          due_lair_maze_entry_diamond, nicolae_shop_fire_sale
          [nicolae_sub_dead_trees]
D:9:      layout_basic, minmay_fractal_squares_5
D:10:     layout_basic, dk_yredelemnul_ordeal, general_overflow_altar,
          bloody_makhleb, nicolae_gozag_cash_rules_everything_around_me,
          nzn_sisyphean_effort
D:11:     minmay_evil_eye, layout_layer_cave, orc_0_dummy, portal_ice_cave_rime
D:12:     layout_basic, pdpol_wu_jian_five_deadly_venoms
D:13:     layout_roguey, david_vaults_4, uniq_nessos
Orc:1:    layout_diamond_mine, serial_shops, shop, uniq_erolcha
Orc:2:    st_orc_congregation, layout_caves, gammafunk_ghost_fury_of_okawaru,
          okawaru_metal_pillars_3, uniq_maurice, uniq_sonja
Vaults:1: hangedman_vaults_pinch, nicolae_vaults_meiosis,
          nicolae_vaults_network_quinsquares
          [nicolae_vaults_network_quincunx_subvault,
          nicolae_vaults_network_quincunx_subvault,
          nicolae_vaults_network_quincunx_subvault,
          nicolae_vaults_network_quincunx_subvault],
          nicolae_vaults_trapezoid_layered, nicolae_vaults_trapezoid_1,
          nicolae_vaults_octothorpe, nicolae_vaults_storage_closets_1,
          nicolae_vaults_bisected_slash, hangedman_vaults_impose,
          nicolae_vaults_stepped_doors, vaults_room_corners,
          nicolae_vaults_tetromino_T_2, nicolae_vaults_big_angled_halls,
          hangedman_vaults_stretched_pinwheel, nicolae_vaults_shock_wave,
          vaults_dpeg_diagonal, nicolae_vaults_two_Ls, layout_vaults_omnibox

Skill      XL: |  1  2  3  4  5  6  7  8  9 10 11 12 |
---------------+-------------------------------------+-----
Polearms       | 4 5 6 7 |  7.2
Fighting       | 4 5 6 7 8 9 10 | 10.4
Armour         | 3 4 5 7 8 9 11 12 | 12.1
Dodging        | 3 4 5 |  5.1
Long Blades    | 2 6 8 10 11 13 | 13.0
Shields        | 1 5 8 11 13 | 13.4
Throwing       | 1 |  1.3
Stealth        | 1 2 |  2.0

Action                     |  1- 3 |  4- 6 |  7- 9 | 10-12 || total
---------------------------+-------+-------+-------+-------++-------
  Melee: Spear             |   111 |   134 |    28 |       ||   273
         Headbutt          |     9 |    22 |    44 |   156 ||   231
         Punch             |     1 |     1 |       |       ||     2
         Falchion          |       |       |   194 |   637 ||   831
  Throw: Boomerang         |       |       |     8 |       ||     8
 Invoke: Berserk           |     2 |     4 |     5 |    16 ||    27
         Trog's Hand       |       |       |     1 |       ||     1
    Use: Potion            |     5 |     1 |       |     5 ||    11
         Scroll            |     2 |     4 |     8 |     8 ||    22
   Stab: Distracted        |       |       |       |     1 ||     1
 Armour: Ring mail         |    32 |    16 |       |       ||    48
         Chain mail        |       |     8 |    41 |       ||    49
         Plate armour      |       |       |    40 |   162 ||   202
  Dodge: Dodged            |    76 |   121 |   167 |   228 ||   592
         Repelled          |       |     2 |     2 |     7 ||    11
  Block: Buckler           |       |       |    12 |       ||    12
         Tower shield      |       |       |    85 |   626 ||   711
